 Dungeon Crawl Stone Soup version 0.23.2-1-ga50397a (webtiles) character file.

Game seed: 8464827707600435718

123 varam the Ruffian (level 4, 13/40 HPs)
             Began as a Troll Transmuter on Feb 23, 2019.
             Quit the game on level 2 of the Dungeon on Apr 20, 2019.
             The game lasted 00:04:14 (1542 turns).

varam the Ruffian (Troll Transmuter)                Turns: 1542, Time: 00:04:14

Health: 13/40      AC:  6    Str: 19    XL:     4   Next: 79%
Magic:  4/4        EV: 10    Int:  9    God:
Gold:   80         SH:  0    Dex: 10    Spells: 4/5 levels left

rFire    . . .     SeeInvis .     - Unarmed
rCold    . . .     Gourm    +   (no shield)
rNeg     . . .     Faith    .   b - +0 robe
rPois    .         Spirit   .   (helmet restricted)
rElec    .         Reflect  .   (no cloak)
rCorr    .         Harm     .   (gloves unavailable)
MR       .....                  (boots unavailable)
Stlth    +.........             (no amulet)
HPRegen  0.53/turn              i - ring of flight
MPRegen  0.09/turn              (no ring)

@: no status effects
A: large, unfitting armour, claws 3, fast metabolism 3, gourmand, regeneration
1, shaggy fur 1, tough skin 3
a: Evoke Flight


You were on level 2 of the Dungeon.
You were completely stuffed.

You visited 1 branch of the dungeon, and saw 2 of its levels.

You collected 80 gold pieces.

Inventory:

Missiles
 a - 30 arrows
Armour
 b - a +0 robe (worn)
Jewellery
 i - a ring of flight (left claw)
 k - an uncursed amulet of regeneration {unknown}
Scrolls
 c - 3 scrolls of teleportation {unknown}
 e - a scroll of identify {unknown}
 g - a scroll of enchant armour {unknown}
 h - a scroll of random uselessness {unknown}
 j - a scroll of amnesia {unknown}
Potions
 f - a potion of flight {unknown}
 l - a potion of invisibility {unknown}
 n - a potion of agility {unknown}
 o - a potion of haste {unknown}
Comestibles
 d - 6 rations
 m - 4 chunks of flesh


   Skills:
 - Level 0.7 Fighting
 - Level 1.5 Dodging
 * Level 4.9 Unarmed Combat
 - Level 1.2 Spellcasting
 + Level 2.4 Transmutations


You had 4 spell levels left.
You knew the following spells:

 Your Spells              Type           Power        Failure   Level  Hunger
a - Beastly Appendage     Tmut           #.....       14%         1    ##.....

Your spell library contained the following spells:

 Spells                   Type           Power        Failure   Level  Hunger
 Sticks to Snakes         Tmut           #.......     21%         2    ###....
 Spider Form              Tmut/Pois      #.........   54%         3    ####...
 Ice Form                 Ice/Tmut       #.......     91%         4    #####..
 Blade Hands              Tmut           #.........   98%         5    ######.


Dungeon Overview and Level Annotations

Branches:
Dungeon (2/15)

Altars:


Innate Abilities, Weirdness & Mutations

You are too large for most types of armour.
You have claws for hands.
Your metabolism is lightning-fast.
You like to eat raw meat.
Your natural rate of healing is unusually fast.
You are covered in fur. (AC +1)
You have extremely tough skin. (AC +3)


Message History

No target in view!
Eating one of 4 chunks of flesh.
You eat one of the 4 chunks of flesh.
This raw flesh tastes great.
You butcher the frilled lizard corpse.
m - 4 chunks of flesh (gained 1)
You see here a frilled lizard skeleton. x2
The ogre shouts!
The ogre is too close now for your liking.
An ogre is nearby!
An ogre is nearby!
The ogre hits you with a +0 giant club!!
Ouch! That really hurt!
You are too injured to fight recklessly!
You are too injured to fight recklessly!
You are too injured to fight recklessly!
You are too injured to fight recklessly!
You are too injured to fight recklessly!
Welcome back, varam the Troll Transmuter.
Press ? for a list of commands and other information.
Are you sure you want to abandon this character and quit the game? (Confirm with "yes".)

#.####.##...(.... ..
#)##.........# #.
#.##.#.##....# #.
#รท##.#.##....#########.
#.##.#.##.........(...(
#.##...##..#.#########.
#.##.####..#.# ##..<#..
#.##.####..#.###......#
#.....@O...#.##.......#
####..................#
#####.#.#.##.......#
#.#.#.###......#
#.#............#
#..########### .#..#
#.#..# ####.#..#


You could see an ogre.

Vanquished Creatures
  2 orc priests (D:2)
  An adder (D:2)
  An ooze (D:2)
  2 leopard geckos
  5 orcs (D:2)
  6 bats
  3 giant cockroaches
  4 goblins
  4 hobgoblins (D:1)
  2 jackals
  2 quokkas (D:2)
  3 ball pythons
  2 frilled lizards
  2 kobolds (D:2)
  5 rats
44 creatures vanquished.

Notes
Turn   | Place    | Note
-------+----------+-------------------------------------------
     0 | D:1      | varam the Troll Transmuter began the quest for the Orb.
     0 | D:1      | Reached XP level 1. HP: 18/18 MP: 1/1
   335 | D:1      | Reached XP level 2. HP: 26/26 MP: 2/2
   856 | D:2      | Noticed an ogre
   936 | D:2      | Upgraded the game from 0.23.0-3-gf3c87f2 to
                  | 0.23.1-37-gaa34b87
  1029 | D:2      | Reached XP level 3. HP: 32/32 MP: 3/3
  1044 | D:2      | Reached skill level 4 in Unarmed Combat
  1044 | D:2      | Reached skill level 2 in Transmutations
  1084 | D:2      | Reached XP level 4. HP: 22/40 MP: 4/4
  1542 | D:2      | Upgraded the game from 0.23.1-37-gaa34b87 to
                  | 0.23.2-1-ga50397a
  1542 | D:2      | Quit the game

Skill      XL: |  1  2  3 |
---------------+----------+-----
Unarmed Combat | 4 |  4.9
Transmutations | 2 |  2.4
Fighting       | |  0.7
Dodging        | |  1.5
Spellcasting   | |  1.2

Action                   |  1- 3 |  4- 6 || total
-------------------------+-------+-------++-------
Melee: Unarmed           |    90 |    41 ||   131
 Stab: Sleeping          |     1 |       ||     1
  Eat: Chunk             |    10 |    10 ||    20
Armor: Robe              |    29 |    12 ||    41
Dodge: Dodged            |    39 |    25 ||    64
